 Dungeon Crawl Stone Soup version 0.29-a0-322-g68df515428 (webtiles) character file.

Game seed: 12055828512061849869

590 Dabor the Vexing (level 7, 0/51 HPs)
             Began as a Gnoll Wanderer on Apr 5, 2022.
             Was a Believer of Ashenzari.
             Slain by an orc
             ... wielding a +1 dagger of flaming
              (1 damage)
             ... on level 4 of the Dungeon on Apr 6, 2022.
             The game lasted 00:09:34 (6121 turns).

Dabor the Vexing (Gnoll Wanderer)                   Turns: 6121, Time: 00:09:35

Health: 0/51       AC:  7    Str: 12    XL:     7   Next: 38%
Magic:  2/12       EV: 10    Int: 16    God:    Ashenzari [**....]
Gold:   1423       SH:  0    Dex:  8    Spells: 11/13 levels left

rFire   . . .      SeeInvis +   h - +4 whip of the Circumscribed God {Fort, Melee} (curse)
rCold   . . .      Faith    .   (no shield)
rNeg    . . .      Spirit   .   d - +0 ring mail "Ruined Together" {Evo, Comp} (curse)
rPois   .          Reflect  .   (no helmet)
rElec   .          Harm     .   (no cloak)
rCorr   .          Rampage  .   (no gloves)
Will    .....                   o - +0 pair of boots of the Oracular Pantheism {Elem, Alch} (curse)
Stlth   +.........              (no amulet)
HPRegen 0.17/turn               (no ring)
MPRegen 0.13/turn               (no ring)

@: no status effects
A: fangs 1, strong nose, distributed training
a: Renounce Religion, Curse Item, Shatter the Chains


You were on level 4 of the Dungeon.
You worshipped Ashenzari.
Ashenzari was pleased with you.
You visited 1 branch of the dungeon, and saw 5 of its levels.

You collected 1473 gold pieces.
You spent 50 gold pieces at shops.

Inventory:

Hand Weapons
 a - a +0 club
 h - the cursed +4 whip of the Circumscribed God (weapon) {Fort, Melee}
   (You found it on level 1 of the Dungeon)

   It has a curse which improves the following skills: Fortitude: Armour and
   Shields.
   Melee Combat: Short Blades, Long Blades, Axes, Maces & Flails, Polearms,
   Staves and Unarmed Combat.
 m - a +0 demon whip
Missiles
 c - 55 stones
 j - a throwing net
 q - 6 poisoned darts
Armour
 d - the cursed +0 ring mail "Ruined Together" (worn) {Evo, Comp}

   It has a curse which improves the following skills: Evocations: Evocations.
   Companions: Summonings and Necromancy.
 o - the cursed +0 pair of boots of the Oracular Pantheism (worn) {Elem, Alch}
   (You found it on level 2 of the Dungeon)

   It has a curse which improves the following skills: Elements: Fire Magic, Ice
   Magic, Air Magic and Earth Magic.
   Alchemy:   Poison Magic and Transmutations.
Jewellery
 i - a ring of resist corrosion
 n - a ring of willpower
Scrolls
 b - a scroll of vulnerability
 e - 5 scrolls of teleportation
 g - a scroll of brand weapon
 r - 2 scrolls of enchant armour
Potions
 l - a potion of brilliance


   Skills:
 + Level 2.4 Fighting
 + Level 2.4(3.5) Short Blades
 + Level 2.4(3.5) Long Blades
 + Level 2.4(3.5) Axes
 + Level 2.4(3.5) Maces & Flails
 + Level 2.4(3.5) Polearms
 + Level 2.4(3.5) Staves
 + Level 2.4 Slings
 + Level 2.4 Bows
 + Level 2.4 Crossbows
 + Level 2.4 Throwing
 + Level 5.2(6.4) Armour
 + Level 2.4 Dodging
 + Level 2.4 Stealth
 + Level 2.4(3.5) Shields
 + Level 2.4(3.5) Unarmed Combat
 + Level 3.8 Spellcasting
 + Level 2.0 Conjurations
 + Level 7.4 Hexes
 + Level 2.0(3.0) Summonings
 + Level 2.0(3.0) Necromancy
 + Level 2.0 Translocations
 + Level 2.0(3.0) Transmutations
 + Level 2.0(3.0) Fire Magic
 + Level 2.0(3.0) Ice Magic
 + Level 2.0(3.0) Air Magic
 + Level 4.3(5.5) Earth Magic
 + Level 2.0(3.0) Poison Magic
 + Level 2.7 Invocations
 + Level 3.6(4.7) Evocations


You had 11 spell levels left.
You knew the following spells:

 Your Spells              Type           Power      Damage    Failure   Level
a - Sandblast             Erth           40%        2d10      3%          1
b - Slow                  Hex            100%       N/A       1%          1

Your spell library contained the following spells:

 Spells                   Type           Power      Damage    Failure   Level
 Ensorcelled Hibernation  Hex/Ice        38%        N/A       6%          2
 Passwall                 Tmut/Erth      13%        N/A       10%         2
 Beastly Appendage        Tmut           24%        N/A       11%         1
 Summon Small Mammal      Summ           48%        N/A       11%         1
 Summon Guardian Golem    Hex/Summ       19%        N/A       12%         3
 Corpse Rot               Necr/Air       24%        N/A       16%         2
 Poisonous Vapours        Pois/Air       24%        N/A       16%         2
 Sublimation of Blood     Necr           12%        N/A       16%         2
 Wereblood                Tmut           12%        N/A       16%         2
 Portal Projectile        Hex/Tloc       36%        N/A       16%         3
 Stone Arrow              Conj/Erth      30%        3d8       22%         3
 Call Canine Familiar     Summ           12%        N/A       30%         3
 Ozocubu's Armour         Ice            12%        N/A       30%         3
 Spider Form              Tmut/Pois      12%        N/A       30%         3
 Swiftness                Air            12%        N/A       30%         3
 Anguish                  Hex/Necr       9%         N/A       38%         4
 Passage of Golubria      Tloc           9%         N/A       83%         4
 Manifold Assault         Tloc           9%         N/A       99%         5
 Ozocubu's Refrigeration  Ice            6%         4d6       100%        7
 Spellforged Servitor     Conj/Summ      5%         N/A       100%        7
 Summon Hydra             Summ           6%         N/A       100%        7


Dungeon Overview and Level Annotations

Branches:
Dungeon (5/15)             Temple (0/1) D:4

Altars:
Ashenzari
Kikubaaqudgha
Vehumet

Shops:
D:1 :   D:4 *


Innate Abilities, Weirdness & Mutations

You have very sharp teeth.
Your uncanny sense of smell can sniff out nearby items.
Your experience applies equally to all skills.


Message History

The orc hits you with a +1 dagger of flaming.
The orc burns you. As you open the door, it creaks loudly!
The orc hits you with a +1 dagger of flaming.
The orc burns you. The gnoll sergeant closely misses you.
The orc priest barely misses you.
The orc priest attacks as you move away!
The orc priest hits you but does no damage.
There is an open door here.
The orc priest calls down the wrath of Beogh upon you.
Beogh smites you!
* * * LOW HITPOINT WARNING * * *
The orc attacks as you move away!
The orc hits you with a +1 dagger of flaming.
* * * LOW HITPOINT WARNING * * *
The orc burns you.
* * * LOW HITPOINT WARNING * * *
The orc attacks as you move away!
The orc hits you with a +1 dagger of flaming.
* * * LOW HITPOINT WARNING * * *
The orc burns you.
* * * LOW HITPOINT WARNING * * *
Okay, then.
Okay, then.
The orc attacks as you move away! The orc closely misses you.
There is a stone staircase leading up here.
The orc hits you but does no damage.
The gnoll sergeant hits you but does no damage.
You climb upwards.
There is a stone staircase leading down here.
Casting: Sandblast (safe; 3% risk of failure)
Confirm with . or Enter, or press ? or * to list all spells.
Aiming: Sandblast (safe; 3% risk of failure)
Press: ? - help, Shift-Dir - straight line, f - orc
Aim: an orc, wielding a +1 dagger of flaming and wearing a +0 leather armour (81% to hit)
The blast of sand misses the orc.
The orc hits you with a +1 dagger of flaming.
* * * LOW HITPOINT WARNING * * *
The orc burns you.
You die...

......#.......##.##.#.....#
#....
......##.....>##....#.....#
#....
......##....#.##.####.....#
#.... #####..'....'....#
#.....# #....
####....##.#.# #.....#
#.... #....##...# #.....#
#....
#....###..####.....###....
#....# #o.#<).............
#....# #.@.............†..
#....# ##.####.....#######
#....# #..............#
#....# ##############.#
#....# #.### ###### #...[
#####


You could see an orc.

Vanquished Creatures
  Menkaure (D:5)
  An ogre (D:4)
  A scorpion (D:5)
  An orc priest (D:5)
  3 iguanas
  An orc wizard (D:3)
  5 gnolls
  4 adders
  2 worms
  4 dart slugs
  13 orcs
  9 endoplasms
  2 giant cockroaches (D:3)
  6 goblins
  4 hobgoblins
  7 jackals (D:1)
  11 kobolds
  6 quokkas
  6 ball pythons
  4 bats
  2 frilled lizards
  7 rats
100 creatures vanquished.

Vanquished Creatures (others)
  A human (D:3)
1 creature vanquished.

Grand Total: 101 creatures vanquished

Notes
Turn   | Place    | Note
-------+----------+-------------------------------------------
     0 | D:1      | Dabor the Gnoll Wanderer began the quest for the Orb.
     0 | D:1      | Dabor set off with the following items: a +0 club, a scroll
                  | of vulnerability, 30 stones, a +0 ring mail; and the
                  | following spells available to memorise: Slow, Sandblast,
                  | Portal Projectile, Stone Arrow, Anguish
     0 | D:1      | Reached XP level 1. HP: 13/13 MP: 4/4
     2 | D:1      | Learned a level 1 spell: Sandblast
     4 | D:1      | Learned a level 1 spell: Slow
   199 | D:1      | Found Ilett's Book Boutique.
   254 | D:1      | Reached XP level 2. HP: 4/19 MP: 1/5
  1146 | D:1      | Reached XP level 3. HP: 7/25 MP: 5/7
  2058 | D:1      | Reached skill level 1 in Invocations
  2489 | D:2      | Reached skill level 1 in Fighting
  2489 | D:2      | Reached skill level 1 in Short Blades
  2489 | D:2      | Reached skill level 1 in Long Blades
  2489 | D:2      | Reached skill level 1 in Axes
  2489 | D:2      | Reached skill level 1 in Maces & Flails
  2489 | D:2      | Reached skill level 1 in Polearms
  2489 | D:2      | Reached skill level 1 in Staves
  2489 | D:2      | Reached skill level 1 in Slings
  2489 | D:2      | Reached skill level 1 in Bows
  2489 | D:2      | Reached skill level 1 in Crossbows
  2489 | D:2      | Reached skill level 1 in Throwing
  2489 | D:2      | Reached skill level 1 in Dodging
  2489 | D:2      | Reached skill level 1 in Stealth
  2489 | D:2      | Reached skill level 1 in Shields
  2489 | D:2      | Reached skill level 1 in Unarmed Combat
  2489 | D:2      | Reached XP level 4. HP: 28/32 MP: 5/8
  3101 | D:2      | Reached skill level 1 in Conjurations
  3101 | D:2      | Reached skill level 1 in Summonings
  3101 | D:2      | Reached skill level 1 in Necromancy
  3101 | D:2      | Reached skill level 1 in Translocations
  3101 | D:2      | Reached skill level 1 in Transmutations
  3101 | D:2      | Reached skill level 1 in Fire Magic
  3101 | D:2      | Reached skill level 1 in Ice Magic
  3101 | D:2      | Reached skill level 1 in Air Magic
  3101 | D:2      | Reached skill level 1 in Poison Magic
  3580 | D:3      | Reached XP level 5. HP: 30/37 MP: 9/9
  3805 | D:3      | Found a faded altar of an unknown god.
  3814 | D:3      | Prayed at the altar of an unknown god.
  3814 | D:3      | Became a worshipper of Ashenzari the Shackled
  4009 | D:3      | Found a radiant altar of Vehumet.
  4135 | D:3      | Found an ancient bone altar of Kikubaaqudgha.
  4136 | D:3      | Noticed a human
  4139 | D:3      | Killed a human
  4560 | D:4      | Found Homa's General Store.
  4600 | D:4      | Bought a potion of curing for 30 gold pieces
  4600 | D:4      | Bought a scroll of identify for 20 gold pieces
  4602 | D:4      | Identified a scroll of acquirement
  4603 | D:4      | Acquired 1092 gold pieces
  4651 | D:4      | Noticed an ogre
  4655 | D:4      | Killed an ogre
  4656 | D:4      | Reached skill level 5 in Armour
  4656 | D:4      | Reached XP level 6. HP: 40/44 MP: 5/11
  4730 | D:4      | Upgraded the game from 0.29-a0-321-gf1c400731a to
                  | 0.29-a0-322-g68df515428
  4754 | D:4      | Reached * piety under Ashenzari
  4791 | D:4      | Found a staircase to the Ecumenical Temple.
  5061 | D:4      | Reached ** piety under Ashenzari
  5585 | D:5      | Entered Level 5 of the Dungeon
  5713 | D:5      | Identified Buisamum's Incunabulum of Twisted Companions
  5805 | D:5      | Noticed Menkaure
  5813 | D:5      | Reached XP level 7. HP: 47/50 MP: 6/12
  5832 | D:5      | Killed Menkaure
  6115 | D:5      | HP: 2/51 [orc/+1 dagger of flaming (4)]
  6121 | D:4      | HP: 1/51 [orc/+1 dagger of flaming (1)]
  6121 | D:4      | Slain by an orc

Illustrated notes

Levels and vault maps discovered:
D:1:      minmay_arrival_diagonal_passages, layout_basic, serial_shops, shop,
          minmay_misc_feat_enclosed, roderic_serpentine_path,
          chequers_serial_rivers_micro_c, feat_on_display
D:2:      layout_loops_corners
D:3:      layout_basic, nicolae_overflow_hidden_temple, tgw_kikubaaqudgha,
          chequers_ecumenical_altar_simple_redux
D:4:      layout_basic, minmay_temple_entry_offerings, serial_shops,
          nicolae_shop_hallway_plus
D:5:      layout_gridville, kennysheep_generic_room_16, uniq_menkaure

Skill      XL: |  1  2  3  4  5  6  7 |
---------------+----------------------+-----
Invocations    | 1 2 |  2.7
Fighting       | 1 2 |  2.4
Short Blades   | 1 2 |  2.4
Long Blades    | 1 2 |  2.4
Axes           | 1 2 |  2.4
Maces & Flails | 1 2 |  2.4
Polearms       | 1 2 |  2.4
Staves         | 1 2 |  2.4
Slings         | 1 2 |  2.4
Bows           | 1 2 |  2.4
Crossbows      | 1 2 |  2.4
Throwing       | 1 2 |  2.4
Dodging        | 1 2 |  2.4
Stealth        | 1 2 |  2.4
Shields        | 1 2 |  2.4
Unarmed Combat | 1 2 |  2.4
Spellcasting   | 3 |  3.8
Conjurations   | 1 2 |  2.0
Summonings     | 1 2 |  2.0
Necromancy     | 1 2 |  2.0
Translocations | 1 2 |  2.0
Transmutations | 1 2 |  2.0
Fire Magic     | 1 2 |  2.0
Ice Magic      | 1 2 |  2.0
Air Magic      | 1 2 |  2.0
Poison Magic   | 1 2 |  2.0
Earth Magic    | 4 |  4.3
Evocations     | 3 |  3.6
Armour         | 5 |  5.2
Hexes          | |  7.4

Action                   |  1- 3 |  4- 6 |  7- 9 || total
-------------------------+-------+-------+-------++-------
Melee: Club              |    61 |       |       ||    61
       Bite              |     3 |    10 |     1 ||    14
       Whip              |       |   131 |     1 ||   132
       Punch             |       |     4 |       ||     4
Throw: Stone             |     1 |       |       ||     1
       Throwing net      |     1 |       |       ||     1
 Cast: Sandblast         |    33 |    45 |    20 ||    98
       Slow              |     4 |     1 |       ||     5
Invok: Curse Item        |       |     3 |       ||     3
  Use: Potion            |     1 |       |     3 ||     4
       Scroll            |       |     5 |     2 ||     7
Armor: Ring mail         |    42 |    46 |     5 ||    93
Dodge: Dodged            |    42 |    68 |    11 ||   121

Table legend: (Time is in decaauts)
 A = Elapsed time spent in this place.
 B = Non-inter-level travel time spent in this place.
 C = Inter-level travel time spent in this place.
 D = Time resting spent in this place.
 E = Time spent auto-exploring this place.
 F = Levels seen in this place.
 G = Mean time per level.
                   A        B        C        D        E       F      G
               +--------+--------+--------+--------+--------+-----+--------+
         Total |   6142 |   6019 |    123 |    607 |   4636 |   5 | 1228.4 |
       Dungeon |   6142 |   6019 |    123 |    607 |   4636 |   5 | 1228.4 |
               +--------+--------+--------+--------+--------+-----+--------+

Top non-repeatable levels by time:
     D:1: 2389 daAuts
     D:4: 1137 daAuts
     D:2: 1124 daAuts
     D:3: 956 daAuts
     D:5: 534 daAuts
